 Dungeon Crawl Stone Soup version 0.31-a0-204-g7da18cac08 (webtiles) character file.

Game seed: 4801537541361340669

14 lunkers the Covered (level 2, 0/23 HPs)
             Began as a Meteoran Wanderer on June 27, 2023.
             Slain by Jessica
             ... wielding a +0 club
              (4 damage)
             ... on level 2 of the Dungeon.
             The game lasted 00:01:08 (418 turns).

lunkers the Covered (Meteoran Wanderer)              Turns: 418, Time: 00:01:09

Health: 0/23       AC: 10    Str: 12    XL:     2   Next: 82%
Magic:  5/5        EV:  6    Int: 15    God:
Gold:   26         SH:  0    Dex: 12    Spells: 3/3 levels left

rFire   . . .        a - +0 dagger
rCold   . . .        (no shield)
rNeg    . . .        c - +0 chain mail
rPois   .            (no helmet)
rElec   .            (no cloak)
rCorr   .            (no gloves)
SInv    .            (no boots)
Will    .....        (no amulet) Stlth
                     (no ring)
HPRegen 0.23/turn    (no ring)
MPRegen 0.09/turn

%: no passive effects
@: slowed, glowing, very slow
A: sense surroundings 1, otherworldly, glowing, explore regen
a: no special abilities


You were on level 2 of the Dungeon.
You visited 1 branch of the dungeon, and saw 2 of its levels.

You collected 26 gold pieces.

Inventory:

Hand Weapons
 a - a +0 dagger (weapon)
Missiles
 b - 16 poisoned darts
Armour
 c - a +0 chain mail (worn)
Scrolls
 d - a scroll of fear
 e - a scroll of fog {unknown}
 f - a scroll of identify {unknown}


   Skills:
 - Level 1.1 Fighting
 + Level 2.2 Short Blades
 - Level 2.4 Throwing
 - Level 6.0 Armour
 - Level 1.3 Spellcasting
 - Level 1.2 Transmutations


You had 3 spell levels left.
You didn't know any spells.
Your spell library contained the following spells:

 Spells                   Type           Power      Damage    Failure   Level
 Magic Dart               Conj           4%         1d3       99%         1
 Passwall                 Tmut/Erth      1%         N/A       99%         2
 Wereblood                Tmut           4%         N/A       99%         2
 Call Imp                 Summ           2%         N/A       100%        2
 Mephitic Cloud           Conj/Pois/Air  1%         N/A       100%        3
 Animate Dead             Necr           1%         N/A       100%        4
 Haunt                    Necr/Summ      0%         N/A       100%        7
 Infestation              Necr           0%         N/A       100%        8


Dungeon Overview and Level Annotations

Branches:
Dungeon (2/15) Zot: 787

Altars:

Annotations:
D:2 Jessica


Innate Abilities, Weirdness & Mutations

You passively map a small area around you.
You are easily found by Zot.
You glow in the dark.
You regain HP and MP as you explore.


Message History

Jessica hits you but does no damage.
You hit Jessica.
Jessica is heavily wounded.
You barely miss Jessica.
Jessica is heavily wounded.
Jessica shouts, "I don't like beings like you!"
Jessica barely misses you.
You hit Jessica.
Jessica is almost dead.
Jessica hits you but does no damage.
You barely miss Jessica.
Jessica is almost dead.
Jessica hits you but does no damage.
You hit Jessica but do no damage.
Jessica is almost dead.
Jessica hits you but does no damage.
You barely miss Jessica.
Jessica is almost dead.
Jessica hits you but does no damage.
You barely miss Jessica.
Jessica is almost dead.
Jessica gestures at you while chanting. You resist with some effort.
You closely miss Jessica.
Jessica is almost dead.
Jessica hits you with a +0 club.
* * * LOW HITPOINT WARNING * * *
You hit Jessica but do no damage.
Jessica is almost dead.
Jessica points at you and mumbles some strange words.
You feel yourself slow down.
You barely miss Jessica.
Jessica is almost dead.
Jessica casts a spell at you. Pain shoots through your body!
* * * LOW HITPOINT WARNING * * *
You hit Jessica but do no damage.
Jessica is almost dead.
Jessica hits you with a +0 club.
You die...

* #.#.#
#.#.##### ###
####.......#*..
, , #...<...#
.#.# ,*
#.##..[.#
#..###.## ,
#.##.#.##
#........
#.##.#.#
##.####.##
#.##.##.###.##
, #.##.# #..@.#
#.##.####@#.#
** ,
#..........#..
, *
####......###.#
, * * #######.#
## *#>#* , *
*.# * * * ,#* *
, , *


You could see Jessica.

Vanquished Creatures
  2 ball pythons (D:1)
  4 bats (D:1)
  A giant cockroach (D:1)
  A hobgoblin (D:1)
  A kobold (D:1)
  A quokka (D:1)
  2 rats (D:1)
12 creatures vanquished.

Notes
Turn   | Place    | Note
-------+----------+-------------------------------------------
     0 | D:1      | lunkers the Meteoran Wanderer began the quest for the Orb.
     0 | D:1      | lunkers set off with the following items: a +0 dagger, 12
                  | poisoned darts, a +0 chain mail, a scroll of fear; and the
                  | following spells available to memorise: Passwall,
                  | Wereblood.
     0 | D:1      | Reached XP level 1. HP: 16/16 MP: 3/3
    38 | D:1      | Reached skill level 1 in Short Blades
    66 | D:1      | Reached XP level 2. HP: 23/23 MP: 5/5
   389 | D:2      | Noticed Jessica
   418 | D:2      | Slain by Jessica

Illustrated notes

Levels and vault maps discovered:
D:1:      dpeg_arrival_shrine, layout_basic, roderic_lattice_a
D:2:      layout_loops_ring, hellmonk_ecumenical_altar_pennies_from_heaven,
          kennysheep_generic_room_10, uniq_robin, uniq_jessica

Skill      XL: |  1  2 |
---------------+-------+-----
Short Blades   | 1 2 |  2.2
Fighting       | |  1.1
Throwing       | |  2.4
Armour         | |  6.0
Spellcasting   | |  1.3
Transmutations | |  1.2

Action                     || total
---------------------------++-------
  Melee: Dagger            ||    88
  Throw: Dart              ||     1
    Use: Scroll            ||     1
 Armour: Chain mail        ||    97
  Dodge: Dodged            ||    33

Table legend: (Time is in decaauts)
 A = Elapsed time spent in this place.
 B = Non-inter-level travel time spent in this place.
 C = Inter-level travel time spent in this place.
 D = Time resting spent in this place.
 E = Time spent auto-exploring this place.
 F = Levels seen in this place.
 G = Mean time per level.
                   A        B        C        D        E       F      G
               +--------+--------+--------+--------+--------+-----+--------+
         Total |    411 |    411 |      0 |      0 |    252 |   2 |  205.5 |
       Dungeon |    411 |    411 |      0 |      0 |    252 |   2 |  205.5 |
               +--------+--------+--------+--------+--------+-----+--------+

Top non-repeatable levels by time:
     D:1: 369 daAuts
     D:2: 42 daAuts
